Map: Ruins of Seras

Players

wabbajack - Winner!

  • Race: Zerg Zerg
  • League: Grandmaster

CallMeGuy

  • Race: Terran Terran
  • League: Grandmaster

VOD

Have the link to the VOD?

Description

Time

  • Played on: July 15, 2015, 3:59 p.m.
  • Length: 5:38
Show
View Real Time Build Order
Export as new Build Order

wabbajack Zerg - Winner!

Build Orders: Hatch First 

Get SALT Encoding   

  12  0:01  Drone  
  13  0:13  Drone  
  14  0:26  Overlord  
  14  0:29  Extractor x2  
  14  0:30  Drone x2  
  16  0:49  Drone  
  17  0:57  Hatchery  
  17  1:01  Drone x2  
  18  1:04  Extractor  
  17  1:23  Spawning Pool  
  16  1:29  Drone x2  
  16  1:31  Drone  
  19  1:48  Overlord  
  19  2:10  Queen x2  
  19  2:12  Metabolic Boost  
  19  2:14  Zergling x2  
  19  2:15  Zergling x2  
  25  2:16  Drone  
  25  2:19  Drone  
  27  2:23  Drone  
  28  2:43  Roach Warren  
  27  2:47  Drone  
  27  2:51  Pneumatized Carapace  
  28  2:59  Overlord  
  28  3:01  Overlord  
  28  3:28  Roach x4  
  28  3:32  Roach  
  37  3:47  Zergling x2  
  37  3:48  Zergling x6  
  41  3:52  Zergling x2  
  41  3:53  Zergling x4  
  41  3:54  Overlord x2  
  44  4:16  Zergling x14  
  44  4:17  Zergling x2  
  52  4:43  Zergling x18  
  57  5:06  Zergling x2  
  58  5:07  Zergling x8  
  58  5:13  Zergling x2  
  62  5:14  Zergling x10  
Show
View Real Time Build Order
Export as new Build Order

CallMeGuy Terran 

Build Orders:  

Get SALT Encoding   

  12  0:01  SCV  
  13  0:20  Supply Depot, SCV  
  14  0:42  SCV  
  15  0:47  Barracks  
  15  0:52  Refinery  
  15  0:54  SCV  
  16  1:06  SCV  
  17  1:18  SCV  
  18  1:30  SCV  
  19  1:33  Command Center  
  19  1:34  Marine  
  20  1:44  Supply Depot  
  20  1:45  SCV  
  21  1:52  Marine  
  22  2:00  Orbital Command  
  22  2:10  Marine  
  23  2:17  Factory  
  23  2:27  SCV  
  24  2:30  Barracks Reactor  
  24  2:41  SCV  
  25  2:45  Refinery  
  25  2:48  Orbital Command  
  25  2:49  Bunker  
  25  2:53  SCV  
  26  3:05  SCV  
  27  3:17  Barracks Tech Lab, Starport  
  27  3:18  SCV  
  28  3:22  SCV  
  29  3:30  SCV  
  30  3:34  SCV  
  31  3:42  Supply Depot  
  31  3:46  Marauder  
  33  3:50  Hellion x2  
  33  3:52  SCV x2  
  39  4:01  Starport Reactor  
  39  4:04  SCV  
  39  4:05  SCV  
  39  4:06  Engineering Bay  
  41  4:10  Marine  
  41  4:16  SCV  
  41  4:17  SCV  
  46  4:31  Marauder  
  46  4:33  Hellion x2, Engineering Bay  
  50  4:52  Medivac  
  50  4:54  Marauder  
  50  4:56  Hellion  
  36  5:16  Hellion  
Tags
 
Add a new tag
Caveats
  • Supply blocks, unpowered buildings, or Contaminate may cause inaccurate times.
  • Supply counts are checked every 10 seconds.